[Event "WSCC  M65 2019"]
[Site "Bucharest"]
[Date "2019.11.12"]
[Round "1.36"]
[White "Balashov, Yuri S"]
[Black "Zhelesny, Stanislav"]
[Result "1-0"]
[ECO "B10"]
[WhiteElo "2457"]
[BlackElo "2003"]
[Annotator "RC"]
[PlyCount "37"]
[EventDate "2019.11.12"]
[EventType "swiss"]
[EventCountry "ROU"]
[SourceTitle "playchess.com"]
[Source "ChessBase"]
[SourceQuality "1"]
[TimeControl "40/5400+30:1800+30"]

1. e4 c6 2. c4 g6 3. Nc3 Bg7 4. d4 d6 5. Nf3 Bg4 6. Be2 Nf6 7. O-O O-O 8. Be3 Nbd7 9. Qd2 Rb8 10. h3 Bxf3 11. Bxf3 b5 12. cxb5 cxb5 13. a3 a6 14. Rac1 Qa5 15. Nd5 Qd8 16. Nb4 Qa5 17. Qd3 Rbe8 18. Nc6 Qb6 19. e5 1-0

[Event "WSCC  M65 2019"]
[Site "Bucharest"]
[Date "2019.11.12"]
[Round "1.37"]
[White "Alquist, Erik"]
[Black "Jansa, Vlastimil"]
[Result "1-0"]
[ECO "B45"]
[WhiteElo "2003"]
[BlackElo "2436"]
[Annotator "NA"]
[PlyCount "104"]
[EventDate "2019.11.12"]
[EventType "swiss"]
[EventCountry "ROU"]
[SourceTitle "playchess.com"]
[Source "ChessBase"]
[SourceQuality "1"]
[TimeControl "40/5400+30:1800+30"]

1. e4 c5 2. Nf3 Nc6 3. d4 cxd4 4. Nxd4 e6 5. Nc3 d6 6. Be3 Nf6 7. Qe2 {B80: Sicilian Scheveningen: 6 g3 and 6 Be3, including English Attack} (7. f3 Be7 8. Qd2 O-O 9. O-O-O d5 10. Be2 dxe4 11. Nxc6 bxc6 12. Qxd8 Bxd8 13. Nxe4 Nxe4 14. fxe4 Bb6 15. Bxb6 axb6 16. a3 Ba6 17. Bxa6 Rxa6 18. Rd6 {1-0 (78) Saric,I (2689)-Korobov,A (2685) Biograd 2018}) 7... a6 8. O-O-O Qc7 9. g4 Nxd4 10. Rxd4 b5 11. g5 Nd7 12. f4 Bb7 13. Bg2 Nb6 $146 ({Predecessor:} 13... Rc8 14. f5 e5 {0-1 (38) Rabatin,J (2286)-Jansa,V (2446) Ostrava 2017}) 14. Kb1 h6 15. g6 Nc4 16. gxf7+ Qxf7 17. Bc1 Be7 18. Rg1 O-O-O 19. Rxc4+ bxc4 20. Qxc4+ Kb8 21. Be3 Bf6 22. Na4 d5 23. exd5 Bxd5 24. Bxd5 exd5 25. Qxa6 Qb7 26. Qa5 d4 27. Nc5 Qc6 28. Bd2 Rd5 29. b4 Re8 30. f5 Re7 31. Bf4+ Kc8 32. Qa3 Rxc5 33. bxc5 Rb7+ 34. Kc1 d3 35. Qxd3 Qxc5 36. Be3 Qa5 37. Qc4+ Rc7 {[%emt 0:00:51] [#]} 38. Qe6+ (38. Qg8+ $1 $18 Bd8 39. Qe6+ Rd7 40. Bd4) 38... Kb7 $18 (38... Rd7 $16 39. Qg8+ Kb7 40. Qb3+ Ka8) 39. Qb3+ Ka6 40. Rd1 Rc6 41. a4 Qe5 42. Qd3+ Kb7 43. Qb5+ Qxb5 44. axb5 Rc4 45. Rd3 Rb4 46. b6 Kc6 47. Rb3 Rxb3 48. cxb3 Be5 49. h3 Kd5 50. Kd2 Ke4 51. b7 Bb8 52. Bxh6 Kd4 1-0

[Event "WSCC  M65 2019"]
[Site "Bucharest"]
[Date "2019.11.12"]
[Round "1.39"]
[White "Carlsten, Peter"]
[Black "Garcia Palermo, Carlos"]
[Result "0-1"]
[ECO "B18"]
[WhiteElo "2000"]
[BlackElo "2421"]
[Annotator "NA"]
[PlyCount "104"]
[EventDate "2019.11.12"]
[EventType "swiss"]
[EventCountry "ROU"]
[SourceTitle "playchess.com"]
[Source "ChessBase"]
[SourceQuality "1"]
[TimeControl "40/5400+30:1800+30"]

1. e4 c6 2. d4 d5 3. Nc3 dxe4 4. Nxe4 Bf5 5. Ng3 Bg6 6. Nf3 Nf6 7. h4 h6 8. h5 Bh7 9. Bd3 Bxd3 10. Qxd3 e6 11. Bd2 Nbd7 12. O-O-O Bd6 13. Ne4 Bc7 14. Kb1 Nxe4 15. Qxe4 Nf6 16. Qe2 Qd5 17. c4 Qe4+ 18. Qxe4 Nxe4 19. Be3 O-O 20. Nd2 Nd6 21. Bf4 Rac8 22. c5 Ne4 23. Be3 Nf6 24. f3 Rcd8 25. Ne4 Nd5 26. Bf2 Rd7 27. g3 f5 28. Nc3 Nf6 29. Rde1 Re8 30. f4 b6 31. b4 bxc5 32. dxc5 Ng4 33. Rhf1 Rd3 34. Kc2 Nxf2 35. Rxf2 Rxg3 36. Rd1 Re7 37. Ne2 Rg4 38. Nd4 Bxf4 39. Nxc6 Rc7 40. Nd8 Be3 41. Rf3 f4 42. Nxe6 Re7 43. Rd8+ Kf7 44. Nd4 Rg2+ 45. Kb3 Rd2 46. Nc6 Rxd8 47. Nxd8+ Kf6 48. Kc4 Kf5 49. Nc6 Rc7 50. Nd8 Rd7 51. Nc6 Rd1 52. Ne7+ Kg4 {[%emt 0:00:34] Kd4} 0-1

[Event "WSCC  M65 2019"]
[Site "Bucharest"]
[Date "2019.11.12"]
[Round "1.40"]
[White "Kristiansen, Jens"]
[Black "Buxade Roca, Guillermo"]
[Result "1-0"]
[ECO "A04"]
[WhiteElo "2411"]
[BlackElo "1995"]
[Annotator "ChessBase"]
[PlyCount "77"]
[EventDate "2019.11.12"]
[EventType "swiss"]
[EventCountry "ROU"]
[SourceTitle "playchess.com"]
[Source "ChessBase"]
[SourceQuality "1"]
[TimeControl "40/5400+30:1800+30"]

1. Nf3 c5 2. g3 Nc6 3. Bg2 g6 4. O-O Bg7 5. e4 d6 6. c3 Nf6 7. d4 O-O 8. d5 Ne5 9. Nxe5 dxe5 10. c4 Ne8 11. Nc3 Nd6 12. Qe2 Bd7 13. Be3 Qc8 14. Rac1 a6 15. f4 b5 16. b3 bxc4 17. bxc4 Rb8 18. Kh1 Rb4 19. Nd1 Qc7 20. Nf2 Rfb8 21. Nd3 Rxc4 22. fxe5 Rxc1 23. Rxc1 Nb7 24. Bf4 e6 25. d6 Qa5 26. Qf2 Qa4 27. h4 h5 28. Nxc5 Nxc5 29. Rxc5 Rb1+ 30. Kh2 Ra1 31. Rc2 Qa5 32. Qa7 Qa4 33. Rc7 Rxa2 34. Rxd7 Qc2 35. Qg1 Qxe4 36. Kh1 Qa4 37. Rc7 Ra1 38. Rc1 Ra2 39. Qd1 1-0

[Event "WSCC  M65 2019"]
[Site "Bucharest"]
[Date "2019.11.12"]
[Round "1.43"]
[White "Ciuro Munoz, Ricardo"]
[Black "Birnboim, Nathan"]
[Result "0-1"]
[ECO "B06"]
[WhiteElo "1989"]
[BlackElo "2397"]
[Annotator "NA"]
[PlyCount "124"]
[EventDate "2019.11.12"]
[EventType "swiss"]
[EventCountry "ROU"]
[SourceTitle "playchess.com"]
[Source "ChessBase"]
[SourceQuality "1"]
[TimeControl "40/5400+30:1800+30"]

1. e4 g6 2. d4 c6 3. Nf3 d5 4. exd5 cxd5 5. Bd3 Bg7 6. c3 Nf6 7. Bf4 Nc6 8. h3 O-O 9. O-O Qb6 10. Qb3 Nd7 11. Re1 Re8 12. Nbd2 Qxb3 13. axb3 f6 14. b4 e5 15. Bb5 Kf7 16. dxe5 fxe5 17. Be3 e4 18. Bxc6 bxc6 19. Nd4 Ne5 20. N2b3 Nd3 21. Reb1 Bd7 22. Ra6 Rec8 23. Rba1 Rc7 24. Nc5 Nxc5 25. bxc5 Be5 26. b4 Bxd4 27. Bxd4 Bc8 28. R6a5 a6 29. Kf1 Bb7 30. Ke2 g5 31. f3 Re8 32. Rf1 Kg6 33. f4 Rf7 34. fxg5 Rxf1 35. Kxf1 Kxg5 36. Be3+ Kg6 37. Ke2 h5 38. g3 Rf8 39. Ra1 Rf3 40. Rg1 Bc8 41. h4 Bg4 42. Kd2 Bh3 43. Ra1 Bf1 44. Re1 Bd3 45. Rg1 Kf5 46. Bf4 Kg4 47. Re1 Bc4 48. Re3 Rf2+ 49. Ke1 Ra2 50. Be5 Kh3 51. Kd1 Kg2 52. Bd4 Bb3+ 53. Ke1 Ra1+ 54. Kd2 Kf1 55. c4 Rd1+ 56. Kc3 Bxc4 57. g4 hxg4 58. Rg3 Rd3+ 59. Rxd3 Bxd3 60. Kd2 g3 61. h5 e3+ 62. Kxe3 Be4 0-1

[Event "WSCC  M65 2019"]
[Site "Bucharest"]
[Date "2019.11.12"]
[Round "1.44"]
[White "Mochalov, Evgeny V"]
[Black "Dumitrascu, Cornel"]
[Result "1-0"]
[ECO "E09"]
[WhiteElo "2374"]
[BlackElo "1985"]
[Annotator "NA"]
[PlyCount "60"]
[EventDate "2019.11.12"]
[EventType "swiss"]
[EventCountry "ROU"]
[SourceTitle "playchess.com"]
[Source "ChessBase"]
[SourceQuality "1"]
[TimeControl "40/5400+30:1800+30"]

1. d4 Nf6 2. c4 e6 3. g3 d5 4. Nf3 Nbd7 5. Bg2 c6 6. O-O Be7 7. Qc2 O-O 8. Nbd2 b6 9. e4 Bb7 10. e5 Ne8 11. cxd5 cxd5 12. Re1 Rc8 13. Qa4 a5 14. Bf1 Bc6 15. Qd1 b5 16. Bd3 b4 17. Nf1 Qb6 18. Bg5 Qd8 19. Qd2 g6 20. Bh6 Ng7 21. h4 Re8 22. N1h2 Nf5 23. Ng4 Nxh6 24. Nxh6+ Kg7 25. Ng5 Bxg5 26. hxg5 Qb6 27. Qf4 Rf8 28. Rac1 Bb7 29. Rxc8 Bxc8 30. Rc1 Bb7 1-0

[Event "WSCC  M65 2019"]
[Site "Bucharest"]
[Date "2019.11.12"]
[Round "1.45"]
[White "Valenti, Giuseppe"]
[Black "Bogdanov, Valentin"]
[Result "1/2-1/2"]
[ECO "B05"]
[WhiteElo "1982"]
[BlackElo "2350"]
[Annotator "ChessBase"]
[PlyCount "91"]
[EventDate "2019.11.12"]
[EventType "swiss"]
[EventCountry "ROU"]
[SourceTitle "playchess.com"]
[Source "ChessBase"]
[SourceQuality "1"]
[TimeControl "40/5400+30:1800+30"]

1. e4 Nf6 2. e5 Nd5 3. d4 d6 4. Nf3 Bg4 5. Be2 e6 6. exd6 cxd6 7. c4 Nf6 8. O-O Be7 9. Nc3 O-O 10. Be3 d5 11. h3 Bh5 12. Qb3 Nc6 13. cxd5 Na5 14. Qa4 Nxd5 15. Nxd5 Qxd5 16. Rac1 a6 17. g4 Bg6 18. Ne5 Rfc8 19. Bf3 Qb5 20. Qxb5 axb5 21. a3 Bd6 22. b4 Nc6 23. Nxc6 bxc6 24. Rxc6 Rxc6 25. Bxc6 Rxa3 26. Bxb5 Bxb4 27. Rc1 h5 28. Rc8+ Kh7 29. Bc6 hxg4 30. hxg4 Rc3 31. Bb7 Rxc8 32. Bxc8 Be4 33. Kh2 Bd6+ 34. Kh3 Bd5 35. Ba6 f6 36. Bd3+ g6 37. f4 Kg7 38. Kh4 Kf7 39. f5 g5+ 40. Kh3 exf5 41. Bxf5 Bb4 42. Kg3 Be1+ 43. Kh2 Ke7 44. Kg1 Kd6 45. Kf1 Bb4 46. Ke2 {[%emt 0:00:27] Ke5} 1/2-1/2

[Event "WSCC  M65 2019"]
[Site "Bucharest"]
[Date "2019.11.12"]
[Round "1.46"]
[White "Shirazi, Kamran"]
[Black "Olesen, Poul Erik Norgaard"]
[Result "1-0"]
[ECO "B06"]
[WhiteElo "2349"]
[BlackElo "1978"]
[Annotator "NA"]
[PlyCount "57"]
[EventDate "2019.11.12"]
[EventType "swiss"]
[EventCountry "ROU"]
[SourceTitle "playchess.com"]
[Source "ChessBase"]
[SourceQuality "1"]
[TimeControl "40/5400+30:1800+30"]

1. d4 g6 2. e4 Bg7 3. Bc4 d6 4. Nf3 Nf6 5. Nc3 O-O 6. Be3 Nxe4 7. Nxe4 d5 8. Bd3 dxe4 9. Bxe4 Nd7 10. c3 c6 11. Bc2 e5 12. O-O Qc7 13. dxe5 Nxe5 14. Nxe5 Bxe5 15. f4 Bg7 16. Qf3 Be6 17. f5 Bd5 18. Qh3 Rfe8 19. Rf2 Be5 20. Bg5 f6 21. fxg6 fxg5 22. Rf7 Bxf7 23. gxf7+ Kxf7 24. Qxh7+ Ke6 25. Qf5+ Kd6 26. Rd1+ Kc5 27. Qf2+ Kb5 28. Bd3+ Ka5 29. b4+ 1-0

[Event "WSCC  M65 2019"]
[Site "Bucharest"]
[Date "2019.11.12"]
[Round "1.48"]
[White "Berkovich, Mark A"]
[Black "Ladisic, Alex-Sacha"]
[Result "1-0"]
[ECO "A46"]
[WhiteElo "2336"]
[BlackElo "1972"]
[Annotator "NA"]
[PlyCount "45"]
[EventDate "2019.11.12"]
[EventType "swiss"]
[EventCountry "ROU"]
[SourceTitle "playchess.com"]
[Source "ChessBase"]
[SourceQuality "1"]
[TimeControl "40/5400+30:1800+30"]

1. d4 Nf6 2. Nf3 d6 3. g3 g6 4. Bg2 Bg7 5. O-O O-O 6. b3 Nc6 7. Bb2 e5 8. dxe5 Ng4 9. c4 Ngxe5 10. Nxe5 Nxe5 11. Nc3 a5 12. Rc1 Re8 13. Qd2 Rb8 14. h3 Bd7 15. Nb5 b6 16. Rfd1 f6 17. Ba3 Kh8 18. Nxc7 Qxc7 19. Bxd6 Qc8 20. Bxb8 Bxh3 21. Bxe5 fxe5 22. Bxh3 Qxh3 23. Qd7 1-0

[Event "WSCC  M65 2019"]
[Site "Bucharest"]
[Date "2019.11.12"]
[Round "1.50"]
[White "Povah, Nigel E"]
[Black "Myall, Ivan J"]
[Result "1-0"]
[ECO "A45"]
[WhiteElo "2314"]
[BlackElo "1971"]
[Annotator "NA"]
[PlyCount "77"]
[EventDate "2019.11.12"]
[EventType "swiss"]
[EventCountry "ROU"]
[SourceTitle "playchess.com"]
[Source "ChessBase"]
[SourceQuality "1"]
[TimeControl "40/5400+30:1800+30"]

1. d4 Nf6 2. Bf4 c5 3. d5 b5 4. c4 b4 5. Nd2 d6 6. e4 g6 7. Be2 Bg7 8. h3 Nbd7 9. Qc2 Qb6 10. Bh2 O-O 11. f4 Ne8 12. Ngf3 e6 13. O-O exd5 14. exd5 Ndf6 15. Rae1 Nc7 16. Kh1 a5 17. Bd3 a4 18. f5 Bd7 19. fxg6 hxg6 20. Ng5 b3 21. axb3 axb3 22. Qb1 Rae8 23. Nde4 Nxe4 24. Nxe4 f5 25. Nxd6 Rxe1 26. Qxe1 Ba4 27. g4 f4 28. Qe7 Bf6 29. Qe4 Bg7 30. Qxg6 Rf6 31. Qh7+ Kf8 32. Nf5 Ne8 33. Bxf4 Bd7 34. Be5 Bxf5 35. Rxf5 Rxf5 36. Qxf5+ Kg8 37. d6 Qb7+ 38. Be4 Qa7 39. Bd5+ 1-0

[Event "WSCC  M65 2019"]
[Site "Bucharest"]
[Date "2019.11.12"]
[Round "1.51"]
[White "Coll Sola, Joan"]
[Black "Maryasin, Boris"]
[Result "1-0"]
[ECO "A35"]
[WhiteElo "1965"]
[BlackElo "2301"]
[Annotator "NA"]
[PlyCount "179"]
[EventDate "2019.11.12"]
[EventType "swiss"]
[EventCountry "ROU"]
[SourceTitle "playchess.com"]
[Source "ChessBase"]
[SourceQuality "1"]
[TimeControl "40/5400+30:1800+30"]

1. c4 c5 2. Nc3 Nc6 3. e4 g6 4. g3 Bg7 5. Bg2 Nf6 6. Nge2 O-O 7. O-O Ne8 8. d3 d6 9. a3 Nc7 10. Rb1 a5 11. Be3 e5 12. f4 Nd4 13. b4 axb4 14. axb4 exf4 15. Bxf4 Nce6 16. Be3 h5 17. bxc5 dxc5 18. Nd5 h4 19. g4 h3 20. Bxh3 Qh4 21. Bg2 Be5 22. Nxd4 Nxd4 23. Bf4 Bxg4 24. Qe1 Ne2+ 25. Kh1 Qxe1 26. Rbxe1 Nxf4 27. Nxf4 Ra3 28. Rb1 Bxf4 29. Rxf4 Be2 30. Bf1 Bxd3 31. Bxd3 Rxd3 32. Rxb7 Rd4 33. Kg2 Rxc4 34. Kf3 Rc1 35. Rc7 c4 36. e5 c3 37. Rfc4 Re8 38. R7c5 c2 39. Kf4 Rf1+ 40. Ke4 Re1+ 41. Kf4 R8xe5 42. Rxc2 Rxc5 43. Rxc5 Kg7 44. Rc7 Rf1+ 45. Kg3 Kh6 46. Rc8 Rg1+ 47. Kf2 Ra1 48. Kg3 Ra3+ 49. Kg2 Kg5 50. Rc5+ f5 51. Rb5 Kg4 52. Rb2 f4 53. Rc2 g5 54. Rb2 Re3 55. Ra2 Re5 56. Rb2 Kh4 57. Ra2 g4 58. Ra8 Re2+ 59. Kg1 Rd2 60. Rh8+ Kg5 61. Rg8+ Kf5 62. Rg7 Ke4 63. Re7+ Kf3 64. Re1 Rg2+ 65. Kh1 Re2 66. Rf1+ Ke3 67. Kg1 f3 68. Ra1 Rg2+ 69. Kh1 Rd2 70. Kg1 Rd4 71. Rb1 Kf4 72. Rb8 Rd1+ 73. Kf2 Rd2+ 74. Kg1 Rg2+ 75. Kh1 Re2 76. Kg1 Re1+ 77. Kf2 Rh1 78. Rf8+ Ke5 79. Re8+ Kf6 80. Rh8 Rb1 81. Rh5 Rb2+ 82. Kg1 Re2 83. Kf1 Re5 84. Rh8 Kg5 85. Rh7 Kf4 86. Rh4 Rb5 87. h3 Ke3 88. Kg1 Rb1+ 89. Kh2 f2 90. Kg2 1-0

[Event "WSCC  M65 2019"]
[Site "Bucharest"]
[Date "2019.11.12"]
[Round "1.52"]
[White "Shevelev, Arkady"]
[Black "Green, Per"]
[Result "1-0"]
[ECO "B47"]
[WhiteElo "2282"]
[BlackElo "1958"]
[Annotator "NA"]
[PlyCount "93"]
[EventDate "2019.11.12"]
[EventType "swiss"]
[EventCountry "ROU"]
[SourceTitle "playchess.com"]
[Source "ChessBase"]
[SourceQuality "1"]
[TimeControl "40/5400+30:1800+30"]

1. e4 c5 2. Nf3 e6 3. d4 cxd4 4. Nxd4 Nc6 5. Nc3 Qc7 6. g3 a6 7. Bg2 Nf6 8. O-O Nxd4 9. Qxd4 Bc5 10. Bf4 d6 11. Qd2 h6 12. Rad1 e5 13. Be3 Bb4 14. Nb5 axb5 15. Qxb4 O-O 16. Rxd6 Be6 17. Rfd1 Rxa2 18. R6d2 Qc4 19. Qxc4 bxc4 20. c3 Rfa8 21. h3 Ra1 22. f4 Bxh3 23. Bxh3 Nxe4 24. Rd8+ Rxd8 25. Rxa1 Nxg3 26. fxe5 Rd3 27. Kf2 Ne4+ 28. Ke2 g6 29. e6 Ng3+ 30. Kf3 Kf8 31. Ra7 fxe6 32. Rxb7 Nf5 33. Bxf5 exf5 34. Ke2 g5 35. Rh7 f4 36. Bc5+ Kg8 37. Rxh6 Kg7 38. Rc6 f3+ 39. Kf2 g4 40. Bd4+ Kh7 41. Kg3 Rd2 42. Kxg4 f2 43. Rf6 Rxb2 44. Rxf2 Rb7 45. Kf5 Rb5+ 46. Ke6 Rh5 47. Rf7+ 1-0

[Event "WSCC  M65 2019"]
[Site "Bucharest"]
[Date "2019.11.12"]
[Round "1.53"]
[White "Khazankin, Moisei"]
[Black "Caturla, Cesar"]
[Result "1/2-1/2"]
[ECO "B34"]
[WhiteElo "1954"]
[BlackElo "2276"]
[Annotator "NA"]
[PlyCount "100"]
[EventDate "2019.11.12"]
[EventType "swiss"]
[EventCountry "ROU"]
[SourceTitle "playchess.com"]
[Source "ChessBase"]
[SourceQuality "1"]
[TimeControl "40/5400+30:1800+30"]

1. e4 c5 2. Nf3 Nc6 3. d4 cxd4 4. Nxd4 g6 5. Nc3 Bg7 6. Be3 Nf6 7. f3 O-O 8. Qd2 d5 9. exd5 Nb4 10. Bc4 Nbxd5 11. Nxd5 Nxd5 12. Bxd5 Qxd5 13. O-O e5 14. Nb3 Qc6 15. c3 Be6 16. Rfd1 b6 17. Qd6 Qb5 18. Rd2 Rfe8 19. Nc1 Bf8 20. a4 Qa5 21. b4 Qa6 22. Qd3 Qc8 23. Ne2 Bc4 24. Qc2 Qe6 25. a5 b5 26. Re1 a6 27. Qb2 Rac8 28. Ng3 f5 29. Nh1 Qc6 30. Nf2 Bf7 31. Rc1 Red8 32. Rxd8 Rxd8 33. Rd1 Rd5 34. Rxd5 Bxd5 35. Nd3 e4 36. fxe4 Bxe4 37. Nc5 Bd5 38. Qd2 Bxc5 39. Bxc5 Qe6 40. Qe3 Kf7 41. g3 h5 42. Kf2 Bc4 43. h4 Qe4 44. Qxe4 fxe4 45. Ke3 Bd3 46. c4 Ke6 47. cxb5 Bxb5 48. Kxe4 Bc6+ 49. Kf4 Bb5 50. Kg5 Kf7 1/2-1/2

[Event "WSCC  M65 2019"]
[Site "Bucharest"]
[Date "2019.11.12"]
[Round "1.54"]
[White "Rooze, Jan"]
[Black "Taksrud, Vidar"]
[Result "1-0"]
[ECO "B01"]
[WhiteElo "2272"]
[BlackElo "1954"]
[Annotator "NA"]
[PlyCount "69"]
[EventDate "2019.11.12"]
[EventType "swiss"]
[EventCountry "ROU"]
[SourceTitle "playchess.com"]
[Source "ChessBase"]
[SourceQuality "1"]
[TimeControl "40/5400+30:1800+30"]

1. e4 d5 2. exd5 Nf6 3. Nf3 Nxd5 4. d4 g6 5. c4 Nb6 6. Nc3 Bg7 7. c5 Nd5 8. Bc4 c6 9. Qb3 O-O 10. O-O Nxc3 11. bxc3 b5 12. Bd3 Na6 13. Qb1 Be6 14. a4 Nc7 15. axb5 cxb5 16. Bf4 Nd5 17. Bd2 a6 18. Re1 Qc7 19. Ne5 Bc8 20. h4 Bb7 21. h5 gxh5 22. Bxh7+ Kh8 23. Bd3 e6 24. Qd1 Nf6 25. Bg5 Ng4 26. Nxg4 hxg4 27. Qxg4 f5 28. Qh4+ Kg8 29. Rxe6 Rf7 30. Rae1 Raf8 31. Rd6 Qa5 32. Bd2 Bf6 33. Rxf6 Rxf6 34. Re7 R6f7 35. Qg5+ 1-0

[Event "WSCC  M65 2019"]
[Site "Bucharest"]
[Date "2019.11.12"]
[Round "1.55"]
[White "James, Kevin"]
[Black "Karason, Askell O"]
[Result "0-1"]
[ECO "E20"]
[WhiteElo "1953"]
[BlackElo "2271"]
[Annotator "NA"]
[PlyCount "50"]
[EventDate "2019.11.12"]
[EventType "swiss"]
[EventCountry "ROU"]
[SourceTitle "playchess.com"]
[Source "ChessBase"]
[SourceQuality "1"]
[TimeControl "40/5400+30:1800+30"]

1. d4 Nf6 2. c4 e6 3. Nc3 Bb4 4. f3 c5 5. d5 O-O 6. e4 Re8 7. Nge2 exd5 8. cxd5 d6 9. Kf2 a6 10. a4 Nbd7 11. g4 Nxg4+ 12. Kg1 Qh4 13. Ng3 c4 14. Nce2 Bc5+ 15. Nd4 Nde5 16. Kg2 Nf6 17. Be3 Bh3+ 18. Kg1 Nh5 19. Ngf5 Bxf5 20. Nxf5 Bxe3+ 21. Nxe3 Qf4 22. Kf2 Nf6 23. Qd4 Qxf3+ 24. Kg1 Nxe4 25. Nxc4 Qg4+ 0-1

[Event "WSCC  M65 2019"]
[Site "Bucharest"]
[Date "2019.11.12"]
[Round "1.56"]
[White "Afek, Yochanan"]
[Black "Stojkovic, Andreja"]
[Result "1-0"]
[ECO "B29"]
[WhiteElo "2257"]
[BlackElo "1951"]
[Annotator "NA"]
[PlyCount "41"]
[EventDate "2019.11.12"]
[EventType "swiss"]
[EventCountry "ROU"]
[SourceTitle "playchess.com"]
[Source "ChessBase"]
[SourceQuality "1"]
[TimeControl "40/5400+30:1800+30"]

1. e4 c5 2. Nf3 Nf6 3. e5 Nd5 4. c3 e6 5. d4 cxd4 6. cxd4 Be7 7. Nc3 Nxc3 8. bxc3 d5 9. Bd3 O-O 10. h4 f5 11. exf6 gxf6 12. Bh6 Rf7 13. Rh3 Bd6 14. Ne5 Bxe5 15. dxe5 Kh8 16. Qh5 Qe7 17. Rg3 Bd7 18. Bg6 hxg6 19. Bg7+ Kxg7 20. Rxg6+ Kf8 21. Qh8# 1-0

[Event "WSCC  M65 2019"]
[Site "Bucharest"]
[Date "2019.11.12"]
[Round "1.57"]
[White "Blaushtain, Boris"]
[Black "Geller, Arpad"]
[Result "1/2-1/2"]
[ECO "D32"]
[WhiteElo "1947"]
[BlackElo "2253"]
[Annotator "NA"]
[PlyCount "84"]
[EventDate "2019.11.12"]
[EventType "swiss"]
[EventCountry "ROU"]
[SourceTitle "playchess.com"]
[Source "ChessBase"]
[SourceQuality "1"]
[TimeControl "40/5400+30:1800+30"]

1. c4 e6 2. d4 d5 3. Nc3 c5 4. cxd5 exd5 5. Nf3 Nc6 6. dxc5 Nf6 7. Bg5 Be6 8. e3 Bxc5 9. Bd3 O-O 10. O-O h6 11. Bh4 Rc8 12. Rc1 Be7 13. Bb1 Qd7 14. Nd4 Nxd4 15. exd4 Rfd8 16. Qd3 g6 17. Rfe1 Ne4 18. Bxe7 Qxe7 19. Qe3 Nxc3 20. Rxc3 Rxc3 21. Qxc3 Qf6 22. Qe3 Kg7 23. Rc1 Rd6 24. b3 Bd7 25. Qd2 Re6 26. Rc3 Qe7 27. Re3 Rxe3 28. Qxe3 Qxe3 29. fxe3 Kf6 30. Bd3 Bf5 31. Be2 Ke6 32. Kf2 Kd6 33. Ke1 Bb1 34. a3 Bc2 35. b4 Be4 36. g3 Ke6 37. Kf2 Kf5 38. Bb5 Ke6 39. Be2 h5 40. Bb5 Kd6 41. Ke1 Ke6 42. Kf2 Bf5 1/2-1/2